AoeStats
← 俄佐立仲裁者泰菲力

Nomad

505884165Analyzed
4v4 RM · 22d ago on Sep 11, 2026· 45m 6s· 8 players
Game mode
Random Map
Map size
231×231
Population
200
Speed
Normal
Resources
Standard
Victory
Conquest
Starting age
Dark Age
Ending age
Imperial Age
RankedLock teamsTeams togetherTeam positionsShared explorationLock speedFull tech treeHidden civsTurbo modeCheats
Victory
Defeat
🇧🇷 Tupi · Brazil
1708
+9
🇨🇳 Britons · China
1576
+14
🇨🇳 Slavs · China
1542
+15
🇨🇳 Celts · China
1481
+18
🇭🇰 Mongols · Hong Kong SAR China
1729
-21
🇨🇳 Inca · China
1555
-15
🇨🇳 Goths · China
1466
-11
🇨🇳 Berbers · China
1385
-9
Bz_青红
4:38 Loom
13:32 Feudal Age
17:18 Castle Age
15:28 Double-Bit Axe
16:12 Bloodlines
16:59 Town Watch
17:53 Scale Barding Armor
25:28 Chain Barding Armor
28:11 Forging
33:23 Wheelbarrow
38:10 Imperial Age
36:05 Hand Cart
38:22 Elite Boyar
40:38 Plate Barding Armor
40:24 Conscription
40:18 Husbandry
44:00 Coinage
44:47 Iron Casting
44:59 Detinets
Croccia
5:13 Loom
12:43 Feudal Age
16:34 Castle Age
16:17 Double-Bit Axe
19:23 Town Watch
20:28 Fletching
28:36 Ballistics
28:50 Bodkin Arrow
30:01 Wheelbarrow
35:04 Imperial Age
33:43 Hand Cart
35:50 Bracer
36:52 Chemistry
36:40 Padded Archer Armor
37:27 Elite Blackwood Archer
38:28 Conscription
39:02 Curare
41:47 Coinage
41:34 Leather Archer Armor
43:26 Banking
43:55 Squires
43:15 Champi Runner
44:27 Ring Archer Armor
44:08 Forging
43:58 Scale Mail Armor
雾枝
4:40 Loom
12:41 Feudal Age
14:40 Double-Bit Axe
16:51 Horse Collar
21:56 Castle Age
20:20 Forging
35:50 Wheelbarrow
42:19 Imperial Age
40:39 Stone Mining
41:43 Gambesons
41:44 Arson
43:34 Scale Mail Armor
45:06 Chain Mail Armor
Bo Zhi Shang
5:03 Loom
12:59 Feudal Age
18:05 Castle Age
17:22 Fletching
17:44 Double-Bit Axe
18:11 Crossbowman
19:03 Gold Mining
33:45 Ballistics
38:11 Wheelbarrow
37:55 Horse Collar
38:51 Heavy Plow
43:30 Imperial Age
41:18 Hand Cart
44:33 Gold Shaft Mining
43:42 Arbalester
unhappy
5:07 Loom
14:32 Feudal Age
15:25 Double-Bit Axe
15:36 Town Watch
18:19 Castle Age
16:31 Gold Mining
16:42 Fishing Lines
20:47 Medium Warships
30:33 Scale Mail Armor
36:46 Horse Collar
39:13 Bow Saw
40:35 Wheelbarrow
40:33 Stone Mining
43:28 Fletching
赤道大变了
5:19 Loom
14:54 Feudal Age
18:58 Castle Age
17:40 Double-Bit Axe
19:29 Bloodlines
24:08 Town Watch
26:55 Wheelbarrow
27:08 Horse Collar
29:00 Scale Barding Armor
30:54 Husbandry
33:08 Forging
34:08 Chain Barding Armor
39:59 Town Watch
俄佐立仲裁者泰菲力
5:07 Loom
13:42 Feudal Age
14:23 Fishing Lines
14:30 Double-Bit Axe
15:25 Town Watch
18:12 Castle Age
17:12 Gold Mining
17:14 Fletching
18:55 Padded Archer Armor
18:54 Stone Mining
19:37 Bow Saw
20:59 Wheelbarrow
22:13 Gillnets
27:28 Bodkin Arrow
35:50 Ballistics
39:23 Hand Cart
41:11 Nomads
43:30 Town Patrol
43:32 Herbal Medicine
44:25 Leather Archer Armor
45:16 Bloodlines
45:25 Fervor
金戈铁鸡
9:24 Loom
14:45 Feudal Age
16:00 Fishing Lines
16:52 Double-Bit Axe
19:53 Castle Age
18:32 Fletching
20:47 Town Watch
21:13 Bow Saw
21:35 Gillnets
23:55 Wheelbarrow
24:35 Medium Warships
24:42 Bodkin Arrow
25:56 Gold Mining
33:44 Man-at-Arms
34:27 Scale Mail Armor
37:04 Imperial Age
37:11 Imperial Age
35:33 Pikeman
36:13 Squires
37:20 Long Swordsman
37:24 Halberdier
37:39 Onager
39:33 Chain Mail Armor
41:26 Forging
Connection lost

Rejoining the realm…

Still unreachable

The connection could not be restored.

Session expired

The server has moved on; the page needs a fresh start.